 Dungeon Crawl Stone Soup version bcrawl-1.35.4b (webtiles) character file.

Game seed: 10712358452721515172

79822 Dulis131 the Skirmisher (level 3, -6/30 (31) HPs)
             Began as a Ghoul Fighter on Jan 29, 2022.
             Killed by divine providence
             ... invoked by an orc priest
              (12 damage)
             ... on level 3 of the Dungeon.
             The game lasted 00:06:50 (1851 turns).

Dulis131 the Skirmisher (Ghoul Fighter)             Turns: 1851, Time: 00:06:51

HP:   -6/30 (31)    AC: 13    Str: 20    XL:     3   Next: 25%
MP:   2/2           EV: -3    Int:  3    God:
Gold: 147           SH: 13    Dex:  8    Spells: 2/2 levels left

rFire    . . .     SeeInvis .     - Claws (10.2)
rCold    + . .     Gourm    .   g - +0 large shield
rNeg     + + +     Faith    .   d - +0 chain mail
rPois    ∞         Spirit   .   (no helmet)
rElec    .         Reflect  .   (no cloak)
rCorr    .                      (no gloves)
MR       .....                  (no boots)
Stlth    ..........             (no amulet)
HPRegen  0.00/turn              l - +4 ring of protection
MPRegen  0.08/turn              (no ring)

@: rotting
A: rotting body, claws 1, carnivore, cold resistance 1, negative energy
resistance 3, inhibited regeneration, torment resistance, unbreathing
a: no special abilities


You were on level 3 of the Dungeon.
You were not hungry.

You visited 1 branch of the dungeon, and saw 3 of its levels.

You collected 147 gold pieces.

Inventory:

Hand Weapons
 a - a cursed +0 quarterstaff
Missiles
 k - 366 sling bullets
Armour
 d - a +0 chain mail (worn)
 g - a +0 large shield (worn)
Jewellery
 l - a +4 ring of protection (left claw)
Scrolls
 b - 2 scrolls of remove curse {unknown}
 j - a scroll of teleportation {unknown}
Potions
 c - a potion of might
 f - a potion of degeneration {unknown}
 h - a potion of agility {unknown}
Comestibles
 e - 2 rations {!d}


   Skills:
 + Level 3.4 Fighting
 + Level 3.1 Armour
 + Level 3.1 Shields
 + Level 2.6 Unarmed Combat


You had 2 spell levels left.
You didn't know any spells.
Your spell library was empty.

Dungeon Overview and Level Annotations

Branches:
Dungeon (3/12)

Altars:
Ashenzari


Innate Abilities, Weirdness & Mutations

Your body is rotting away.
You thrive on raw meat.
You are immune to poison.
You have sharp fingernails.
You are carnivorous and can eat meat at any time.
Your flesh is cold resistant. (rC+)
You are immune to negative energy. (rN+++)
You do not regenerate when monsters are visible.
You are immune to unholy pain and torment.
You can survive without breathing.


Message History

Your shield prevents you from hitting the orc.
The orc hits you but does no damage.
You scratch the orc but do no damage. You block the orc's attack.
You scratch the orc.
The orc is severely wounded.
The orc priest mumbles some strange prayers to Beogh against you.
Beogh smites you!
* * * LOW HITPOINT WARNING * * *
You block the orc's attack.
The orc wizard casts a spell.
The orc wizard blinks!
Your shield and chain mail prevent you from hitting the orc.
The orc is severely wounded.
The orc wizard hits you but does no damage.
The orc hits you but does no damage. You block the orc wizard's attack.
Your shield prevents you from hitting the orc wizard.
The orc hits you but does no damage. You block the orc wizard's attack.
The orc priest invokes the aid of Beogh against you.
Beogh smites you!
You die...

#.##########.#
#............#
#.##########.#
#.# #.#####
#.# #.....#
#.# #####.#
#.# #.# #o#
#.# #@# #.#
#o# #.# #o.
#.# #..) #..
#.... ###
#..... #.###.#
#.# .#


You could see an orc wizard, an orc priest and an orc.

Vanquished Creatures
  2 dart slugs
  A leopard gecko (D:1)
  A ball python (D:1)
  7 bats
  A giant cockroach (D:1)
  3 goblins
  3 hobgoblins
  2 frilled lizards (D:1)
  5 kobolds
  3 rats (D:1)
28 creatures vanquished.

Notes
Turn   | Place    | Note
-------+----------+-------------------------------------------
     0 | D:1      | Dulis131 the Ghoul Fighter began the quest for the Orb.
     0 | D:1      | Reached XP level 1. HP: 19/19 MP: 0/0
   118 | D:1      | Reached XP level 2. HP: 8/26 MP: 1/1
   947 | D:2      | Reached XP level 3. HP: 31/31 MP: 2/2
  1341 | D:2      | Found a shattered altar of Ashenzari.
  1851 | D:3      | Killed from afar by an orc priest

Skill      XL: |  1  2 |
---------------+-------+-----
Shields        | 3 |  3.1
Armour         | 3 |  3.1
Fighting       | |  3.4
Unarmed Combat | |  2.6

Action                   || total
-------------------------++-------
Melee: Unarmed           ||   110
  Use: Scroll            ||     1
  Eat: Chunk             ||     7
Armor: Scale mail        ||    47
       Chain mail        ||     4
Dodge: Dodged            ||     5
Block: Medium shield     ||     8
       Large shield      ||    84
